 Dungeon Crawl Stone Soup version 0.28.0-55-gcd9437bce4 (webtiles) character file.

Game seed: 889382364801294246

91 hikkokomori the Digger (level 4, -4/24 HPs)
             Began as a Gargoyle Earth Elementalist on Jan 13, 2023.
             Slain by a gnoll
             ... wielding a +0 spear
              (6 damage)
             ... on level 3 of the Dungeon on Jan 17, 2023.
             The game lasted 00:03:28 (2261 turns).

hikkokomori the Digger (GrEE)                       Turns: 2261, Time: 00:03:29

Health: -4/24      AC:  5    Str: 12    XL:     4   Next: 59%
Magic:  8/8        EV: 12    Int: 17    God:
Gold:   116        SH:  0    Dex: 10    Spells: 8/9 levels left

rFire   . . .      SeeInvis .   f - +2 mace (drain)
rCold   . . .      Faith    .   (no shield)
rNeg    + . .      Spirit   .   b - +0 robe
rPois   ∞          Reflect  .   (no helmet)
rElec   +          Harm     .   (no cloak)
rCorr   .          Rampage  .   (no gloves)
Will    .....                   (no boots)
Stlth   ++........              (no amulet)
HPRegen 0.08/turn               (no ring)
MPRegen 0.11/turn               (no ring)

@: no status effects
A: sickness immunity, AC +3, negative energy resistance 1, electricity
resistance, torment resistance 1, petrification resistance
a: no special abilities


You were on level 3 of the Dungeon.
You visited 1 branch of the dungeon, and saw 3 of its levels.

You collected 116 gold pieces.

Inventory:

Hand Weapons
 a - a +0 club
 f - a +2 mace of draining (weapon)
Armour
 b - a +0 robe (worn)
Scrolls
 c - a scroll of fog {unknown}
 d - 2 scrolls of identify {unknown}
 e - 2 scrolls of immolation {unknown}
 g - a scroll of vulnerability {unknown}
 k - a scroll of enchant weapon {unknown}
 l - a scroll of teleportation {unknown}
Potions
 h - a potion of mutation {unknown}
 i - a potion of flight {unknown}
 j - a potion of brilliance {unknown}


   Skills:
 - Level 1.6 Dodging
 - Level 2.3 Stealth
 + Level 3.2 Spellcasting
 - Level 0.9 Transmutations
 + Level 5.0 Earth Magic


You had 8 spell levels left.
You knew the following spells:

 Your Spells              Type           Power      Damage    Failure   Level
a - Sandblast             Erth           38%        2d10      2%          1

Your spell library contained the following spells:

 Spells                   Type           Power      Damage    Failure   Level
 Passwall                 Tmut/Erth      10%        N/A       8%          2
 Magic Dart               Conj           8%         1d3       17%         1
 Pain                     Necr           8%         1d4       17%         1
 Stone Arrow              Conj/Erth      22%        3d8       19%         3
 Searing Ray              Conj           4%         2d4       26%         2
 Petrify                  Tmut/Erth      12%        N/A       45%         4
 Fulminant Prism          Conj/Hex       1%         3d6       86%         4
 Agony                    Necr           2%         N/A       99%         5
 Excruciating Wounds      Necr           1%         N/A       99%         5


Dungeon Overview and Level Annotations

Branches:
Dungeon (3/15)

Altars:


Innate Abilities, Weirdness & Mutations

You are immune to sickness and miasma.
Your stone body is resilient. (AC +3)
You are immune to poison.
You resist negative energy. (rN+)
You are resistant to electric shocks. (rElec)
You are resistant to unholy torment.
You are immune to petrification.


Message History

You are too injured to fight recklessly!
You are too injured to fight recklessly!
You are too injured to fight recklessly!
You are too injured to fight recklessly!
You are too injured to fight recklessly!
You are too injured to fight recklessly!
You are too injured to fight recklessly!
You are too injured to fight recklessly!
You are too injured to fight recklessly!
You are too injured to fight recklessly!
You are too injured to fight recklessly!
You are too injured to fight recklessly!
You are too injured to fight recklessly!
You are too injured to fight recklessly!
You are too injured to fight recklessly!
Casting: Sandblast (safe; 2% risk of failure)
Confirm with . or Enter, or press ? or * to list all spells.
You don't have any stones to cast with.
Unknown command.
Casting: Sandblast (safe; 2% risk of failure)
Confirm with . or Enter, or press ? or * to list all spells.
You don't have any stones to cast with.
Unknown command.
Unknown command.
Casting: Sandblast (safe; 2% risk of failure)
Confirm with . or Enter, or press ? or * to list all spells.
Okay, then.
You barely miss the gnoll.
The gnoll is severely wounded.
The gnoll hits you with a +1 whip of draining.
* * * LOW HITPOINT WARNING * * *
The gnoll closely misses you. The gnoll misses you.
The gnoll hits you with a +1 whip of draining.
* * * LOW HITPOINT WARNING * * *
You closely miss the gnoll.
The gnoll is severely wounded.
The gnoll hits you with a +1 whip of draining.
* * * LOW HITPOINT WARNING * * *
The gnoll hits you from afar with a +0 spear.
You die...

###
#######.#
#.gg..g.#
#g# #@#
#.#
#.#######
#......<#
#########


You could see 2 gnolls.

Vanquished Creatures
  A gnoll (D:3)
  3 adders (D:2)
  A worm (D:2)
  A dart slug (D:2)
  11 bats
  An endoplasm (D:1)
  3 giant cockroaches
  3 goblins (D:1)
  4 hobgoblins
  4 jackals (D:1)
  6 ball pythons
  2 frilled lizards (D:1)
  4 kobolds
  4 rats
  A spectral kobold (D:2)
49 creatures vanquished.

Notes
Turn   | Place    | Note
-------+----------+-------------------------------------------
     0 | D:1      | hikkokomori the Gargoyle Earth Elementalist began the quest
                  | for the Orb.
     0 | D:1      | Reached XP level 1. HP: 10/10 MP: 3/3
   129 | D:1      | Reached XP level 2. HP: 15/15 MP: 0/5
   342 | D:1      | Reached skill level 4 in Earth Magic
   897 | D:1      | Reached XP level 3. HP: 19/19 MP: 4/6
  1427 | D:2      | Found a faded altar of an unknown god.
  1570 | D:2      | Reached XP level 4. HP: 20/24 MP: 3/8
  2257 | D:3      | Reached skill level 5 in Earth Magic
  2261 | D:3      | Slain by a gnoll

Illustrated notes

Levels and vault maps discovered:
D:1:      dpeg_arrival_stonehenge_8_columns, layout_basic
D:2:      layout_rooms, dreamdust_ecumenical_altar_drowned_temple,
          minmay_heptomino_h4
D:3:      layout_basic, biasface_ghost_orc_armoury

Skill      XL: |  1  2  3  4 |
---------------+-------------+-----
Earth Magic    | 4 5 |  5.0
Spellcasting   | 3 |  3.2
Dodging        | |  1.6
Stealth        | |  2.3
Transmutations | |  0.9

Action                   |  1- 3 |  4- 6 || total
-------------------------+-------+-------++-------
Melee: Unarmed           |    22 |       ||    22
       Punch             |     1 |       ||     1
       Mace              |     2 |     9 ||    11
 Cast: Sandblast         |    55 |    15 ||    70
Armor: Robe              |    18 |     6 ||    24
Dodge: Dodged            |    51 |     8 ||    59
